| TOP OF THE 1ST |
|
Lodi Crushers batting - Pitching for Stockton Ports : RHP Bryn Smith
|
|
Pitching: RHP Bryn Smith
|
|
|
Batting: LHB Kal Daniels
|
0-0: Swinging Strike 0-1: Swinging Strike 0-2: Strikes out swinging
|
|
Batting: LHB Adrian Zepeda
|
0-0: Foul Ball, location: 2F 0-1: Ball 1-1: Called Strike 1-2: Ball 2-2: Foul Ball, location: 2F 2-2: SINGLE (Groundball, 34D, EV 98.8 MPH)
|
|
Batting: RHB Carmelo Martinez
|
0-0: Ball 1-0: Called Strike 1-1: Foul Ball, location: 2F 1-2: Fielders Choice at 2nd, 4-6 (Groundball, 34, EV 88.1 MPH)
|
|
Batting: LHB Fred McGriff
|
0-0: Called Strike 0-1: Ball 1-1: SINGLE (Line Drive, 9S, EV 107.5 MPH) Carmelo Martinez to second
|
|
Batting: RHB Dave Lebeau
|
0-0: Ball 1-0: Called Strike 1-1: Swinging Strike 1-2: Strikes out swinging
|
| Top of the 1st over - 0 runs, 2 hits, 0 errors, 2 left on base; Lodi 0 - Stockton 0 |
| BOTTOM OF THE 1ST |
|
Stockton Ports batting - Pitching for Lodi Crushers : LHP John Franco
|
|
Pitching: LHP John Franco
|
|
|
Batting: RHB Ramon Valdez
|
0-0: Ball 1-0: Ball 2-0: Called Strike 2-1: Ball 3-1: Base on Balls
|
|
Batting: RHB Timothy Presko
|
0-0: Ball 1-0: Ball 2-0: Called Strike 2-1: Reached on error, E6 (Groundball, 6, EV 101.9 MPH) Ramon Valdez to second
|
|
Batting: RHB Pasquale Raimondo
|
0-0: Ball 1-0: Called Strike Ramon Valdez steals 3rd base Timothy Presko to second 1-1: Ball 2-1: SINGLE (Flyball, 7LS, EV 92.5 MPH) Ramon Valdez scores Timothy Presko to third
|
|
Batting: RHB Johnny Salery
|
0-0: Ball 1-0: Foul Ball, location: 2F 1-1: Fly out, F3 (Popup, 3F, EV 72.5 MPH)
|
|
Batting: RHB Chris Sabo
|
0-0: Ball Balk! Timothy Presko scores Pasquale Raimondo to second 1-0: Fly out, F6 (Popup, 6M, EV 53.8 MPH)
|
|
Batting: LHB Mike Ashman
|
0-0: Called Strike 0-1: Swinging Strike 0-2: Ball 1-2: Strikes out swinging
|
| Bottom of the 1st over - 2 runs, 1 hit, 1 error, 1 left on base; Lodi 0 - Stockton 2 |
| TOP OF THE 2ND |
|
Lodi Crushers batting - Pitching for Stockton Ports : RHP Bryn Smith
|
|
Batting: RHB Mark Van Blaricom
|
0-0: Ball 1-0: Ball 2-0: Ball 3-0: Base on Balls
|
|
Batting: LHB Roger Frash
|
0-0: Ball 1-0: Ball 2-0: Swinging Strike 2-1: Ball 3-1: Foul Ball, location: 2F 3-2: Base on Balls Mark Van Blaricom to second
|
|
Batting: RHB Ron Karkovice
|
0-0: Fly out, F8 (Flyball, 8RXD, EV 91.3 MPH) Runner from 2nd tags up, SAFE at 3rd, no throw by CF
|
|
Batting: LHB Jeff Reed
|
0-0: Called Strike 0-1: Ball 1-1: Ball 2-1: Ball 3-1: Called Strike 3-2: Base on Balls Roger Frash to second
|
|
Batting: LHB Kal Daniels
|
0-0: Swinging Strike 0-1: Foul Ball, location: 2F 0-2: Ball 1-2: Fly out, F7 (Flyball, 7D, EV 101.9 MPH) Runner from 3rd tags up, SCORES, throw by LF Roger Frash to third
|
|
Batting: LHB Adrian Zepeda
|
0-0: Called Strike 0-1: Called Strike 0-2: Ball 1-2: Ball 2-2: Ball 3-2: Foul Ball, location: 2F 3-2: SINGLE (Flyball, 4D, EV 87.5 MPH) Roger Frash scores Jeff Reed to second Jeff Reed to third
|
|
Batting: RHB Carmelo Martinez
|
0-0: Ball 1-0: Ball 2-0: Ball 3-0: Base on Balls Adrian Zepeda to second
|
|
Batting: LHB Fred McGriff
|
0-0: SINGLE (Line Drive, 78S, EV 108.1 MPH) Jeff Reed scores Adrian Zepeda to third Carmelo Martinez to second Runner from 3rd tries for Home, SAFE, throw by LF to home
|
|
Batting: RHB Dave Lebeau
|
0-0: Called Strike 0-1: Ball 1-1: Foul Ball, location: 2F 1-2: Ball 2-2: Strikes out swinging
|
| Top of the 2nd over - 4 runs, 2 hits, 0 errors, 2 left on base; Lodi 4 - Stockton 2 |
| BOTTOM OF THE 2ND |
|
Stockton Ports batting - Pitching for Lodi Crushers : LHP John Franco
|
|
Batting: RHB Eddie Lee
|
0-0: Ball 1-0: Foul Ball, location: 2F 1-1: Foul Ball, location: 2F 1-2: Strikes out swinging
|
|
Batting: LHB Daniel Hoskins
|
0-0: Ball 1-0: Foul Ball, location: 2F 1-1: Swinging Strike 1-2: DOUBLE (Flyball, 8RXD, EV 102.5 MPH)
|
|
Batting: SHB Mike Hennessy
|
0-0: Called Strike 0-1: SINGLE (Groundball, 4MD, EV 97.5 MPH) Daniel Hoskins to third Runner from 3rd tries for Home, SAFE, throw by CF to home
|
|
Batting: RHB Ramon Valdez
|
0-0: Ball 1-0: Ball 2-0: Ball 3-0: Base on Balls Mike Hennessy to second
|
|
Batting: RHB Timothy Presko
|
0-0: Called Strike Mike Hennessy steals 3rd base Ramon Valdez to second 0-1: Fly out, F9 (Flyball, 9, EV 83.8 MPH) Runner from 3rd tags up, SCORES, throw by RF Ramon Valdez to third
|
|
Batting: RHB Pasquale Raimondo
|
0-0: Foul Ball, location: 2F 0-1: Ball 1-1: Foul Ball, location: 2F 1-2: Ball 2-2: Strikes out swinging
|
| Bottom of the 2nd over - 2 runs, 2 hits, 0 errors, 1 left on base; Lodi 4 - Stockton 4 |
| TOP OF THE 3RD |
|
Lodi Crushers batting - Pitching for Stockton Ports : RHP Bryn Smith
|
|
Batting: RHB Mark Van Blaricom
|
0-0: Ball 1-0: Ground out 4-3 (Groundball, 4, EV 106.9 MPH)
|
|
Batting: LHB Roger Frash
|
0-0: Called Strike 0-1: Called Strike 0-2: Ball 1-2: Foul Ball, location: 2F 1-2: Ball 2-2: Ground out 6-3 (Groundball, 6M, EV 83.8 MPH)
|
|
Batting: RHB Ron Karkovice
|
0-0: Swinging Strike 0-1: Called Strike 0-2: Foul Ball, location: 2F 0-2: Ball 1-2: Strikes out swinging
|
| Top of the 3rd over - 0 runs, 0 hits, 0 errors, 0 left on base; Lodi 4 - Stockton 4 |
| BOTTOM OF THE 3RD |
|
Stockton Ports batting - Pitching for Lodi Crushers : LHP John Franco
|
|
Batting: RHB Johnny Salery
|
0-0: Called Strike 0-1: Called Strike 0-2: Ball 1-2: Strikes out swinging
|
|
Batting: RHB Chris Sabo
|
0-0: Called Strike 0-1: Ball 1-1: Ball 2-1: Ground out 6-3 (Groundball, 6, EV 79.4 MPH)
|
|
Batting: LHB Mike Ashman
|
0-0: Called Strike 0-1: Foul Ball, location: 2F 0-2: Ball 1-2: Foul Ball, location: 2F 1-2: Foul Ball, location: 2F 1-2: Ball 2-2: SINGLE (Groundball, 4MD, EV 103.8 MPH)
|
|
Batting: RHB Eddie Lee
|
0-0: Ball 1-0: Foul Ball, location: 2F 1-1: Swinging Strike 1-2: Ball 2-2: Strikes out looking
|
| Bottom of the 3rd over - 0 runs, 1 hit, 0 errors, 1 left on base; Lodi 4 - Stockton 4 |
| TOP OF THE 4TH |
|
Lodi Crushers batting - Pitching for Stockton Ports : RHP Bryn Smith
|
|
Batting: LHB Jeff Reed
|
0-0: Called Strike 0-1: Ball 1-1: Ball 2-1: Ball 3-1: SINGLE (Line Drive, 34, EV 96.9 MPH)
|
|
Batting: LHB Kal Daniels
|
0-0: Foul Ball, location: 2F 0-1: Ball 1-1: Fly out, F8 (Flyball, 8LD, EV 95.0 MPH)
|
|
Batting: LHB Adrian Zepeda
|
0-0: Ball 1-0: Called Strike 1-1: Foul Ball, location: 2F 1-2: SINGLE (Flyball, 56D, EV 88.8 MPH) Jeff Reed to second
|
|
Batting: RHB Carmelo Martinez
|
0-0: Called Strike 0-1: Ball 1-1: Grounds into double play, 4-6-3 (Groundball, 4, EV 76.9 MPH)
|
| Top of the 4th over - 0 runs, 2 hits, 0 errors, 1 left on base; Lodi 4 - Stockton 4 |
| BOTTOM OF THE 4TH |
|
Stockton Ports batting - Pitching for Lodi Crushers : LHP John Franco
|
|
Batting: LHB Daniel Hoskins
|
0-0: Ball 1-0: Fly out, F8 (Flyball, 8RS, EV 76.9 MPH)
|
|
Batting: SHB Mike Hennessy
|
0-0: Ball 1-0: Called Strike 1-1: Foul Ball, location: 2F 1-2: Fly out, F8 (Flyball, 8LD, EV 91.3 MPH)
|
|
Batting: RHB Ramon Valdez
|
0-0: Ball 1-0: Ball 2-0: Foul Ball, location: 2F 2-1: Called Strike 2-2: Ball 3-2: Fly out, F8 (Flyball, 8RD, EV 93.8 MPH)
|
| Bottom of the 4th over - 0 runs, 0 hits, 0 errors, 0 left on base; Lodi 4 - Stockton 4 |
| TOP OF THE 5TH |
|
Lodi Crushers batting - Pitching for Stockton Ports : RHP Bryn Smith
|
|
Batting: LHB Fred McGriff
|
0-0: Ball 1-0: Swinging Strike 1-1: Ground out 5-3 (Groundball, 56, EV 104.4 MPH)
|
|
Batting: RHB Dave Lebeau
|
0-0: Ball 1-0: Ground out 5-3 (Groundball, 56, EV 103.1 MPH)
|
|
Batting: RHB Mark Van Blaricom
|
0-0: Called Strike 0-1: Ball 1-1: Swinging Strike 1-2: Strikes out swinging
|
| Top of the 5th over - 0 runs, 0 hits, 0 errors, 0 left on base; Lodi 4 - Stockton 4 |
| BOTTOM OF THE 5TH |
|
Stockton Ports batting - Pitching for Lodi Crushers : LHP John Franco
|
|
Batting: RHB Timothy Presko
|
0-0: Ground out U3 (Groundball, 34, EV 101.9 MPH)
|
|
Batting: RHB Pasquale Raimondo
|
0-0: Called Strike 0-1: Ball 1-1: DOUBLE (Line Drive, 8LD, EV 104.4 MPH)
|
|
Batting: RHB Johnny Salery
|
0-0: Ball 1-0: Ball 2-0: Called Strike 2-1: Ball 3-1: Foul Ball, location: 2F 3-2: Base on Balls
|
|
Batting: RHB Chris Sabo
|
0-0: Ball 1-0: Grounds into double play, 5-4-3 (Groundball, 5S, EV 81.9 MPH)
|
| Bottom of the 5th over - 0 runs, 1 hit, 0 errors, 1 left on base; Lodi 4 - Stockton 4 |
| TOP OF THE 6TH |
|
Lodi Crushers batting - Pitching for Stockton Ports : RHP Bryn Smith
|
|
Batting: LHB Roger Frash
|
0-0: Ground out 1-3 (Groundball, P, EV 67.5 MPH)
|
|
Batting: RHB Ron Karkovice
|
0-0: Ground out 5-3 (Groundball, 56S, EV 91.9 MPH)
|
|
Batting: LHB Jeff Reed
|
0-0: Ground out U3 (Groundball, 34, EV 98.1 MPH)
|
| Top of the 6th over - 0 runs, 0 hits, 0 errors, 0 left on base; Lodi 4 - Stockton 4 |
| BOTTOM OF THE 6TH |
|
Stockton Ports batting - Pitching for Lodi Crushers : LHP John Franco
|
|
Batting: LHB Mike Ashman
|
0-0: Ball 1-0: Ball 2-0: Foul Ball, location: 2F 2-1: Called Strike 2-2: Strikes out looking
|
|
Batting: RHB Eddie Lee
|
0-0: Called Strike 0-1: Ball 1-1: Fly out, F9 (Line Drive, 9, EV 92.5 MPH)
|
|
Batting: LHB Daniel Hoskins
|
0-0: Ball 1-0: Swinging Strike 1-1: Ball 2-1: Ground out 5-3 (Groundball, 5, EV 105.6 MPH)
|
| Bottom of the 6th over - 0 runs, 0 hits, 0 errors, 0 left on base; Lodi 4 - Stockton 4 |
| TOP OF THE 7TH |
|
Lodi Crushers batting - Pitching for Stockton Ports : RHP Bryn Smith
|
|
Batting: LHB Kal Daniels
|
0-0: Ball 1-0: Foul Ball, location: 2F 1-1: Foul Ball, location: 2F 1-2: Ball 2-2: Ball 3-2: Strikes out swinging
|
|
Batting: LHB Adrian Zepeda
|
0-0: Fly out, F8 (Flyball, 8LS, EV 81.3 MPH)
|
|
Batting: RHB Carmelo Martinez
|
0-0: Fly out, F6 (Popup, 15S, EV 95.0 MPH)
|
| Top of the 7th over - 0 runs, 0 hits, 0 errors, 0 left on base; Lodi 4 - Stockton 4 |
| BOTTOM OF THE 7TH |
|
Stockton Ports batting - Pitching for Lodi Crushers : LHP John Franco
|
|
Batting: SHB Mike Hennessy
|
0-0: Ball 1-0: TRIPLE (Line Drive, 9LD, EV 106.9 MPH)
|
|
Batting: RHB Ramon Valdez
|
0-0: Intentional Walk
|
|
Batting: RHB Timothy Presko
|
0-0: Ground out 6-3 (Groundball, 6S, EV 66.9 MPH) Ramon Valdez to second
|
|
Batting: RHB Pasquale Raimondo
|
0-0: Ball 1-0: Ground out 6-3 (Groundball, 6, EV 106.3 MPH)
|
|
Batting: RHB Johnny Salery
|
0-0: SINGLE (Line Drive, 9S, EV 110.6 MPH) Mike Hennessy scores Ramon Valdez to third Runner from 3rd tries for Home, SAFE, throw by RF to home Johnny Salery to second
|
|
Batting: RHB Chris Sabo
|
0-0: Ball 1-0: Swinging Strike 1-1: Ball 2-1: SINGLE (Line Drive, 9S, EV 104.4 MPH) Johnny Salery to third Runner from 3rd tries for Home, SAFE, throw by RF to home Chris Sabo to second
|
|
Pitching: RHP Ted Davis
|
|
|
Batting: LHB Mike Ashman
|
0-0: SINGLE (Groundball, 56S, EV 62.5 MPH) (infield hit) Chris Sabo to third
|
|
Batting: RHB Eddie Lee
|
0-0: Foul Ball, location: 2F 0-1: Ball 1-1: Swinging Strike 1-2: Foul Ball, location: 2F 1-2: Strikes out looking
|
| Bottom of the 7th over - 3 runs, 4 hits, 0 errors, 2 left on base; Lodi 4 - Stockton 7 |
| TOP OF THE 8TH |
|
Lodi Crushers batting - Pitching for Stockton Ports : RHP Bryn Smith
|
|
Batting: LHB Fred McGriff
|
0-0: Ball 1-0: Swinging Strike 1-1: Ball 2-1: Ball 3-1: Foul Ball, location: 2F 3-2: Foul Ball, location: 2F 3-2: Base on Balls
|
|
Batting: RHB Dave Lebeau
|
0-0: Ball 1-0: Ball 2-0: Ball 3-0: Base on Balls Fred McGriff to second
|
|
Batting: RHB Mark Van Blaricom
|
0-0: Ball 1-0: Fly out, F8 (Flyball, 78XD, EV 98.1 MPH) Runner from 2nd tags up, SAFE at 3rd, no throw by CF
|
|
Batting: LHB Roger Frash
|
0-0: Ball 1-0: Ball 2-0: Foul Ball, location: 2F 2-1: Fly out, F6 (Line Drive, 6, EV 66.3 MPH)
|
|
Batting: RHB Ron Karkovice
|
0-0: Foul Ball, location: 2F 0-1: Ball 1-1: SINGLE (Groundball, 4MD, EV 107.5 MPH) Fred McGriff scores Dave Lebeau to second Runner from 2nd tries for 3rd, SAFE, no throw by CF
|
|
Pitching: RHP Miguel Monrroy
|
|
|
Batting: LHB Jeff Reed
|
0-0: Ball 1-0: Foul Ball, location: 2F 1-1: Ball 2-1: Swinging Strike 2-2: Ball 3-2: Ground out 3-1 (Groundball, 23, EV 76.3 MPH)
|
| Top of the 8th over - 1 run, 1 hit, 0 errors, 2 left on base; Lodi 5 - Stockton 7 |
| BOTTOM OF THE 8TH |
|
Stockton Ports batting - Pitching for Lodi Crushers : RHP Ted Davis
|
|
Batting: LHB Daniel Hoskins
|
0-0: Ball 1-0: Called Strike 1-1: Ball 2-1: Ball 3-1: SINGLE (Flyball, 5D, EV 91.9 MPH)
|
|
Batting: SHB Mike Hennessy
|
0-0: Foul Ball, location: 2F 0-1: Ball 1-1: Foul Ball, location: 2F 1-2: Ball 2-2: Ball 3-2: Base on Balls Daniel Hoskins to second
|
|
Batting: RHB Ramon Valdez
|
0-0: Grounds into double play, 6-4-3 (Groundball, 6, EV 81.3 MPH) Daniel Hoskins to third
|
|
Batting: RHB Timothy Presko
|
0-0: Ball 1-0: Called Strike 1-1: Fly out, F3 (Popup, 3F, EV 68.8 MPH)
|
| Bottom of the 8th over - 0 runs, 1 hit, 0 errors, 1 left on base; Lodi 5 - Stockton 7 |
| TOP OF THE 9TH |
|
Lodi Crushers batting - Pitching for Stockton Ports : RHP Miguel Monrroy
|
|
Now at 1B: Randy Guerra
|
|
|
Batting: LHB Kal Daniels
|
0-0: Called Strike 0-1: Ball 1-1: Foul Ball, location: 2F 1-2: Foul Ball, location: 2F 1-2: Ball 2-2: Strikes out swinging
|
|
Batting: LHB Adrian Zepeda
|
0-0: SINGLE (Groundball, 4MD, EV 98.8 MPH)
|
|
Batting: RHB Carmelo Martinez
|
0-0: Ball 1-0: Ball 2-0: Called Strike 2-1: Ball 3-1: Base on Balls Adrian Zepeda to second
|
|
Batting: LHB Fred McGriff
|
0-0: Grounds into double play, 3-6-1 (Groundball, 3, EV 92.5 MPH)
|
| Top of the 9th over - 0 runs, 1 hit, 0 errors, 1 left on base; Lodi 5 - Stockton 7 |
|